AoeStats
← FrankSinatrap

Arabian Desert

510002941Analyzed
1v1 RM · 3d ago on Sep 29, 2026· 20m 47s· 2 players
Game mode
Random Map
Map size
Tiny (2 player)
Population
200
Speed
Normal
Resources
Standard
Victory
Conquest
Starting age
Dark Age
Ending age
Imperial Age
RankedLock teamsTeams togetherTeam positionsShared explorationLock speedFull tech treeHidden civsTurbo modeCheats
Victory
Defeat
🇲🇽 Vikings · Mexico
1306
+14
🇦🇺 Armenians · Australia
1271
-14
Ken Oath
7:18 Loom
9:53 Feudal Age
10:03 Man-at-Arms
13:53 Long Swordsman
17:58 Fletching
19:00 Scale Mail Armor
19:11 Padded Archer Armor
20:21 Scale Mail Armor
FrankSinatrap
7:17 Loom
9:35 Feudal Age
10:12 Double-Bit Axe
15:41 Fletching
15:47 Town Watch
20:33 Castle Age
21:11 Bodkin Arrow
20:45 Crossbowman
Connection lost

Rejoining the realm…

Still unreachable

The connection could not be restored.

Session expired

The server has moved on; the page needs a fresh start.